 Dungeon Crawl Stone Soup version 0.15-a0-1253-g15b4f57 (webtiles) character file.

168 Charly the Changer (level 5, 0/37 HPs)
             Began as a Merfolk Transmuter on June 4, 2014.
             Slain by Psiweapon's ghost (13 damage)
             ... on Level 3 of the Dungeon.
             The game lasted 00:30:26 (3866 turns).

Charly the Changer (Merfolk Transmuter)             Turns: 3866, Time: 00:30:26

HP   0/37        AC  7     Str 11      XL: 5   Next: 48%
MP   4/11        EV  9     Int 13      God:
Gold 123         SH  0     Dex 14      Spells:  2 memorised,  7 levels left

rFire  + . .     SeeInvis .       - Unarmed
rCold  . . .     Clarity  .     A - +2 ring mail
rNeg   . . .     rCorr    .     (no shield)
rPois  .         rRot     .     (no helmet)
rElec  .         Spirit   .     (no cloak)
SustAb .         Warding  .     (no gloves)
rMut   .         Stasis   .     (no boots)
Gourm  .                        (no amulet)
MR     .....                    (no ring)
                                l - ring of protection from fire

@: not resistant to hostile enchantments, very unstealthy
A: change form in water, swift swim
a: no special abilities


You were on level 3 of the Dungeon.
You were very hungry.

You visited 1 branch of the dungeon, and saw 3 of its levels.

You collected 123 gold pieces.

Inventory:

Armour
 A - a +2 ring mail (worn)
Magical devices
 o - a wand of slowing (10)
Comestibles
 b - 2 bread rations
Scrolls
 c - 5 scrolls of identify {unknown}
 e - 2 scrolls of noise {unknown}
 f - a scroll of magic mapping {unknown}
 h - 4 scrolls of immolation {unknown}
 j - a scroll of enchant weapon II {unknown}
 k - a scroll of fog {unknown}
 m - a scroll of remove curse {unknown}
 q - a scroll of random uselessness {unknown}
Jewellery
 l - a ring of protection from fire (left hand)
Potions
 g - a potion of haste {unknown}
 i - a potion of might {unknown}
 n - 2 potions of agility {unknown}
 p - 2 potions of brilliance {unknown}
Books
 d - a book of Changes

   Spells                             Type                      Level
   *Beastly Appendage                 Transmutation                1
   *Sticks to Snakes                  Transmutation                2
   Spider Form                        Transmutation/Poison         3
   Ice Form                           Ice/Transmutation            4
   Blade Hands                        Transmutation                5


   Skills:
 - Level 1.1 Fighting
 - Level 2.6 Dodging
 + Level 4.6 Unarmed Combat
 + Level 3.3 Spellcasting
 + Level 4.7 Transmutations


You had 7 spell levels left.
You knew the following spells:

 Your Spells              Type           Power        Failure   Level  Hunger
b - Beastly Appendage     Trmt           ##....       6%          1    #......
s - Sticks to Snakes      Trmt           ##........   10%         2    ##.....


Dungeon Overview and Level Annotations

Branches:
Dungeon (3/15)

Altars:
Cheibriados
Sif Muna

Annotations:
D:3 Psiweapon's ghost, weakling TrMo


Message History

Okay, then.
Casting: Sticks to Snakes
Confirm with . or Enter, or press ? or * to list all spells.
Okay, then.
Zapping:
o - a wand of slowing {zapped: 4}
Press: ? - help, Shift-Dir - straight line, f/p - Psiweapon's ghost
Aim: Psiweapon's ghost (severely damaged) Psiweapon's ghost resists with significant effort.
Evoke which item? (* to show all) (? for menu, Esc to quit)
Zapping:
o - a wand of slowing {zapped: 5}
Press: ? - help, Shift-Dir - straight line, f/p - Psiweapon's ghost
Aim: Psiweapon's ghost (severely damaged) Psiweapon's ghost resists with significant effort.
Psiweapon's ghost barely misses you.
Evoke which item? (* to show all) (? for menu, Esc to quit)
Zapping:
o - a wand of slowing {zapped: 6}
Press: ? - help, Shift-Dir - straight line, f/p - Psiweapon's ghost
Aim: Psiweapon's ghost (severely damaged) Psiweapon's ghost seems to slow down.
Psiweapon's ghost hits you!
You die...

##.## ... #...# ...
#.# .... #.# ###
#.# #.# #.# #W###
##@..#### #.......#
#.##.##.# #####
#.##.##.#######....
#>##.....[....(...#
#.#####.#######...#
#.......# #####
#########


You could see Psiweapon's ghost.

Vanquished Creatures
  Terence (D:2)
  A gnoll (D:2)
  6 adders
  A giant mite (D:2)
  4 giant geckos
  7 orcs (D:3)
  A ball python (D:3)
  5 bats
  3 giant cockroaches
  7 goblins
  9 hobgoblins
  7 kobolds
  A quokka (D:2)
  2 giant newts
  8 jackals
  10 rats
73 creatures vanquished.

Vanquished Creatures (collateral kills)
  A kobold (D:2)
  A goblin (D:2)
2 creatures vanquished.

Grand Total: 75 creatures vanquished

Notes
Turn   | Place    | Note
--------------------------------------------------------------
     0 | D:1      | Charly, the Merfolk Transmuter, began the quest for the Orb.
     0 | D:1      | Reached XP level 1. HP: 15/15 MP: 3/3
   220 | D:1      | Reached XP level 2. HP: 9/21 MP: 2/4
   851 | D:1      | Reached skill level 4 in Unarmed Combat
  1135 | D:1      | Reached XP level 3. HP: 26/26 MP: 4/6
  1139 | D:1      | Learned a level 2 spell: Sticks to Snakes
  1492 | D:2      | Noticed Terence
  1508 | D:2      | Killed Terence
  1870 | D:2      | Found a deep blue altar of Sif Muna.
  1987 | D:2      | Found a snail-covered altar of Cheibriados.
  2017 | D:2      | Reached XP level 4. HP: 20/32 MP: 1/8
  2988 | D:3      | Noticed Psiweapon's ghost (weakling TrMo)
  3048 | D:3      | Reached XP level 5. HP: 37/37 MP: 9/11
  3866 | D:3      | Slain by Psiweapon's ghost

Action                   |  1- 3 |  4- 6 || total
-------------------------+-------+-------++-------
Melee: Unarmed           |   135 |   173 ||   308
 Cast: Beastly Appendage |    24 |    27 ||    51
       Sticks to Snakes  |     5 |     6 ||    11
Evoke: Wand              |       |     3 ||     3
 Stab: Distracted        |     1 |       ||     1
